SAAA
PORT ROYAL DISASTER @ GRYFINDOR BRAVES
07/16/2030
 
TOP OF THE 1ST
Port Royal Disaster batting - Pitching for Gryfindor Braves : RHP Fred Gunther
Pitching: RHP Fred Gunther
Batting: LHB Sisto Pagnamenta 0-0: Ball
1-0: Swinging Strike
1-1: Ball
2-1: Ball
3-1: Base on Balls
Batting: RHB Sancho Tornero 0-0: Called Strike
0-1: Ball
1-1: Ball
2-1: Foul Ball, location: 2F
2-2: Strikes out looking
Batting: LHB Bob Daugherty 0-0: Ball
1-0: Ball
2-0: Grounds into double play, 6-4-3 (Groundball, 6)
Top of the 1st over - 0 runs, 0 hits, 0 errors, 0 left on base; Port Royal 0 - Gryfindor 0
BOTTOM OF THE 1ST
Gryfindor Braves batting - Pitching for Port Royal Disaster : RHP Loren Berdine
Pitching: RHP Loren Berdine
Batting: RHB Damon Newbold 0-0: Ball
1-0: Ball
2-0: Ball
3-0: Called Strike
3-1: Fly out, F7 (Line Drive, 7LM)
Batting: LHB Cris Gonzáles 0-0: SINGLE (Groundball, 5D)
Batting: RHB Paul Penrice 0-0: Ball
1-0: Called Strike
Pickoff Throw to First - Out!
1-1: Ball
2-1: Foul Ball, location: 2F
2-2: Foul Ball, location: 2F
2-2: Foul Ball, location: 2F
2-2: DOUBLE (Line Drive, 78M)
Batting: LHB Ignacio Medine 0-0: Ball
1-0: Ball
2-0: Ball
3-0: Called Strike
3-1: DOUBLE (Line Drive, 9LM)
Paul Penrice scores
Batting: RHB Raúl Reyna 0-0: Called Strike
0-1: Ball
1-1: Foul Ball, location: 2F
1-2: Ball
2-2: Strikes out looking
Bottom of the 1st over - 1 run, 3 hits, 0 errors, 1 left on base; Port Royal 0 - Gryfindor 1
TOP OF THE 2ND
Port Royal Disaster batting - Pitching for Gryfindor Braves : RHP Fred Gunther
Batting: RHB Javier Martínez 0-0: Called Strike
0-1: Swinging Strike
0-2: Fly out, F7 (Flyball, 7S)
Batting: RHB Jesús Vargas 0-0: Foul Ball, location: 2F
0-1: Ball
1-1: SINGLE (Groundball, 6MD)
Batting: LHB António Quintero 0-0: Called Strike
0-1: Swinging Strike
0-2: Strikes out looking
Batting: RHB Brandon Cooper 0-0: Ball
1-0: Called Strike
1-1: Foul Ball, location: 2F
1-2: Ball
Jesús Vargas is caught stealing 2nd base
Top of the 2nd over - 0 runs, 1 hit, 0 errors, 0 left on base; Port Royal 0 - Gryfindor 1
BOTTOM OF THE 2ND
Gryfindor Braves batting - Pitching for Port Royal Disaster : RHP Loren Berdine
Batting: RHB Roy Herring 0-0: Called Strike
0-1: Ball
1-1: Ball
2-1: Ball
3-1: Fly out, F8 (Flyball, 8RM)
Batting: RHB Javier López 0-0: Ball
1-0: Swinging Strike
1-1: Swinging Strike
1-2: Strikes out swinging
Batting: SHB Jake Richardson 0-0: Called Strike
0-1: Fly out, F5 (Popup, 5SF)
Bottom of the 2nd over - 0 runs, 0 hits, 0 errors, 0 left on base; Port Royal 0 - Gryfindor 1
TOP OF THE 3RD
Port Royal Disaster batting - Pitching for Gryfindor Braves : RHP Fred Gunther
Batting: RHB Brandon Cooper 0-0: Ball
1-0: Called Strike
1-1: Ball
2-1: Swinging Strike
2-2: Fly out, F7 (Flyball, 78D)
Batting: RHB Winston Sparks 0-0: Called Strike
0-1: SINGLE (Groundball, 4MD)
Batting: RHB Nelson Abbey 0-0: Ball
1-0: Called Strike
1-1: Ball
2-1: Ball
3-1: Grounds into double play, 6-4-3 (Groundball, 6)
Top of the 3rd over - 0 runs, 1 hit, 0 errors, 0 left on base; Port Royal 0 - Gryfindor 1
BOTTOM OF THE 3RD
Gryfindor Braves batting - Pitching for Port Royal Disaster : RHP Loren Berdine
Batting: LHB Kyung-chor Pang 0-0: Ball
1-0: Ball
2-0: Bunt missed!
2-1: Swinging Strike
2-2: Strikes out swinging
Batting: RHB Damon Newbold 0-0: Ball
1-0: SINGLE (Flyball, 78S)
Batting: LHB Cris Gonzáles 0-0: Ball
1-0: Ball
Damon Newbold steals 2nd base
2-0: Foul Ball, location: 2F
2-1: Swinging Strike
2-2: Strikes out looking
Batting: RHB Paul Penrice 0-0: Ball
1-0: Ball
2-0: Ground out 6-3 (Groundball, 56)
Bottom of the 3rd over - 0 runs, 1 hit, 0 errors, 1 left on base; Port Royal 0 - Gryfindor 1
TOP OF THE 4TH
Port Royal Disaster batting - Pitching for Gryfindor Braves : RHP Fred Gunther
Batting: LHB Sisto Pagnamenta 0-0: Called Strike
0-1: Foul Ball, location: 2F
0-2: Ground out U3 (Groundball, 34)
Batting: RHB Sancho Tornero 0-0: Ball
1-0: Foul Ball, location: 2F
1-1: Swinging Strike
1-2: Foul Ball, location: 2F
1-2: Foul Ball, location: 2F
1-2: Strikes out swinging
Batting: LHB Bob Daugherty 0-0: Ball
1-0: SINGLE (Groundball, 34D)
Batting: RHB Javier Martínez 0-0: Swinging Strike
0-1: Foul Ball, location: 2F
0-2: Ball
1-2: Foul Ball, location: 2F
1-2: Strikes out looking
Top of the 4th over - 0 runs, 1 hit, 0 errors, 1 left on base; Port Royal 0 - Gryfindor 1
BOTTOM OF THE 4TH
Gryfindor Braves batting - Pitching for Port Royal Disaster : RHP Loren Berdine
Batting: LHB Ignacio Medine 0-0: Ball
1-0: Ball
2-0: Ball
3-0: Base on Balls
Batting: RHB Raúl Reyna 0-0: Called Strike
0-1: Ball
1-1: Swinging Strike
1-2: 2-RUN HOME RUN (Flyball, 7LD), Distance : 361 ft
Batting: RHB Roy Herring 0-0: Called Strike
0-1: Ball
1-1: Ball
2-1: Called Strike
2-2: Ball
3-2: DOUBLE (Line Drive, 7LD)
Batting: RHB Javier López 0-0: Called Strike
0-1: Foul Ball, location: 2F
0-2: Foul Ball, location: 2F
0-2: Ball
1-2: Ball
Wild Pitch!
Roy Herring to third
2-2: Ball
3-2: Foul Ball, location: 2F
3-2: Base on Balls
Batting: SHB Jake Richardson 0-0: Ball
1-0: DOUBLE (Line Drive, 9LD)
Roy Herring scores
Javier López to third
Batting: LHB Kyung-chor Pang 0-0: Ball
1-0: Called Strike
1-1: DOUBLE (Line Drive, 9D)
Javier López scores
Jake Richardson scores
Batting: RHB Damon Newbold 0-0: Ball
1-0: Ball
2-0: Fly out, F8 (Flyball, 78D)
Batting: LHB Cris Gonzáles 0-0: Ball
1-0: Ball
2-0: Foul Ball, location: 2F
2-1: DOUBLE (Line Drive, 9LM)
Kyung-chor Pang scores
Batting: RHB Paul Penrice 0-0: Ball
1-0: Ball
2-0: Foul Ball, location: 2F
2-1: SINGLE (Line Drive, 7S)
Cris Gonzáles to third
Runner from 3rd tries for Home, SAFE, no throw
Batting: LHB Ignacio Medine 0-0: Swinging Strike
0-1: Foul Ball, location: 2F
0-2: Ball
1-2: Foul Ball, location: 2F
1-2: Grounds into double play, 3-6-1 (Groundball, 3)
Bottom of the 4th over - 7 runs, 6 hits, 0 errors, 0 left on base; Port Royal 0 - Gryfindor 8
TOP OF THE 5TH
Port Royal Disaster batting - Pitching for Gryfindor Braves : RHP Fred Gunther
Batting: RHB Jesús Vargas 0-0: Ground out 6-3 (Groundball, 6M)
Batting: LHB António Quintero 0-0: Called Strike
0-1: Ball
1-1: Swinging Strike
1-2: Strikes out swinging
Batting: RHB Brandon Cooper 0-0: Called Strike
0-1: Swinging Strike
0-2: Ball
1-2: Foul Ball, location: 2F
1-2: Foul Ball, location: 2F
1-2: Ball
2-2: Strikes out swinging
Top of the 5th over - 0 runs, 0 hits, 0 errors, 0 left on base; Port Royal 0 - Gryfindor 8
BOTTOM OF THE 5TH
Gryfindor Braves batting - Pitching for Port Royal Disaster : RHP Loren Berdine
Batting: RHB Raúl Reyna 0-0: Ball
1-0: Fly out, F9 (Line Drive, 9)
Batting: RHB Roy Herring 0-0: Ball
1-0: Fly out, F7 (Line Drive, 7)
Batting: RHB Javier López 0-0: Foul Ball, location: 2F
0-1: Ball
1-1: Ball
2-1: Fly out, F5 (Popup, 5SF)
Bottom of the 5th over - 0 runs, 0 hits, 0 errors, 0 left on base; Port Royal 0 - Gryfindor 8
TOP OF THE 6TH
Port Royal Disaster batting - Pitching for Gryfindor Braves : RHP Fred Gunther
Batting: RHB Winston Sparks 0-0: Ball
1-0: Swinging Strike
1-1: Ground out 1-3 (Groundball, 13)
Batting: RHB Nelson Abbey 0-0: Ball
1-0: Foul Ball, location: 2F
1-1: Fly out, F7 (Flyball, 7D)
Batting: LHB Sisto Pagnamenta 0-0: Ball
1-0: Ball
2-0: Ball
3-0: Called Strike
3-1: Base on Balls
Batting: RHB Sancho Tornero 0-0: Called Strike
0-1: Fly out, F9 (Flyball, 9)
Top of the 6th over - 0 runs, 0 hits, 0 errors, 1 left on base; Port Royal 0 - Gryfindor 8
BOTTOM OF THE 6TH
Gryfindor Braves batting - Pitching for Port Royal Disaster : RHP Loren Berdine
Batting: SHB Jake Richardson 0-0: SOLO HOME RUN (Flyball, 9LD), Distance : 355 ft
Batting: LHB Kyung-chor Pang 0-0: Fly out, F7 (Flyball, 7D)
Batting: RHB Damon Newbold 0-0: Ball
1-0: Fly out, F7 (Flyball, 7)
Batting: LHB Cris Gonzáles 0-0: SINGLE (Groundball, 6MD)
Batting: RHB Paul Penrice 0-0: Ball
1-0: Foul Ball, location: 2F
1-1: Called Strike
1-2: Foul Ball, location: 2F
1-2: Ground out 4-3 (Groundball, 4)
Bottom of the 6th over - 1 run, 2 hits, 0 errors, 1 left on base; Port Royal 0 - Gryfindor 9
TOP OF THE 7TH
Port Royal Disaster batting - Pitching for Gryfindor Braves : RHP Fred Gunther
Batting: LHB Bob Daugherty 0-0: Foul Ball, location: 2F
0-1: Ball
1-1: Ball
2-1: Ground out 6-3 (Groundball, 56)
Batting: RHB Javier Martínez 0-0: Swinging Strike
0-1: Ball
1-1: Ball
2-1: Ball
3-1: Foul Ball, location: 2F
3-2: Foul Ball, location: 2F
3-2: Base on Balls
Batting: RHB Jesús Vargas 0-0: Ball
1-0: SINGLE (Groundball, 4D)
Javier Martínez to second
Runner from 2nd tries for 3rd, SAFE, no throw
Batting: LHB António Quintero 0-0: Called Strike
0-1: Called Strike
0-2: Strikes out swinging
Batting: RHB Brandon Cooper 0-0: Foul Ball, location: 2F
0-1: Ball
1-1: Ball
2-1: Fly out, F5 (Popup, 56)
Top of the 7th over - 0 runs, 1 hit, 0 errors, 2 left on base; Port Royal 0 - Gryfindor 9
BOTTOM OF THE 7TH
Gryfindor Braves batting - Pitching for Port Royal Disaster : RHP Loren Berdine
Batting: LHB Ignacio Medine 0-0: Ball
1-0: Ball
2-0: Ball
3-0: Called Strike
3-1: Fly out, F8 (Flyball, 78D)
Batting: RHB Raúl Reyna 0-0: Ball
1-0: Swinging Strike
1-1: SINGLE (Flyball, 8LS)
Pitching: RHP Joe Griffin
Batting: RHB Roy Herring 0-0: Grounds into double play, 6-4-3 (Groundball, 6)
Bottom of the 7th over - 0 runs, 1 hit, 0 errors, 0 left on base; Port Royal 0 - Gryfindor 9
TOP OF THE 8TH
Port Royal Disaster batting - Pitching for Gryfindor Braves : RHP Fred Gunther
Now in LF: Micheal Garren
Batting: RHB Winston Sparks 0-0: Ball
1-0: Ball
2-0: Swinging Strike
2-1: Ball
3-1: Base on Balls
Batting: RHB Nelson Abbey 0-0: Called Strike
0-1: Ball
1-1: Grounds into double play, 6-4-3 (Groundball, 6)
Batting: LHB Sisto Pagnamenta 0-0: Ball
1-0: Ground out 6-3 (Groundball, 6M)
Top of the 8th over - 0 runs, 0 hits, 0 errors, 0 left on base; Port Royal 0 - Gryfindor 9
BOTTOM OF THE 8TH
Gryfindor Braves batting - Pitching for Port Royal Disaster : RHP Joe Griffin
Batting: RHB Javier López 0-0: SINGLE (Groundball, 6MD)
Batting: SHB Jake Richardson 0-0: Ball
1-0: Foul Ball, location: 2F
1-1: Called Strike
1-2: Strikes out swinging
Batting: LHB Kyung-chor Pang 0-0: Ball
1-0: Swinging Strike
1-1: Foul Ball, location: 2F
1-2: Fly out, F9 (Line Drive, 89S)
Batting: RHB Damon Newbold 0-0: Foul Ball, location: 2F
0-1: Ball
1-1: Called Strike
Javier López is caught stealing 2nd base
Bottom of the 8th over - 0 runs, 1 hit, 0 errors, 0 left on base; Port Royal 0 - Gryfindor 9
TOP OF THE 9TH
Port Royal Disaster batting - Pitching for Gryfindor Braves : RHP Fred Gunther
Batting: RHB Sancho Tornero 0-0: Ground out 6-3 (Groundball, 6)
Batting: LHB Bob Daugherty 0-0: Called Strike
0-1: Ball
1-1: Ground out 1-3 (Groundball, P)
Batting: RHB Javier Martínez 0-0: Ball
1-0: Foul Ball, location: 2F
1-1: Called Strike
1-2: Ball
2-2: Ground out 6-3 (Groundball, 6MS)
Top of the 9th over - 0 runs, 0 hits, 0 errors, 0 left on base; Port Royal 0 - Gryfindor 9
Sunday, March 18th, 2018 - OOTP Baseball 18.8 Build 76